 Dungeon Crawl Stone Soup version 0.21.0-3-g78d12a8 (webtiles) character file.

39 Ignatius881 the Magician (level 3, -3/19 HPs)
             Began as a Deep Elf Wizard on Jan 9, 2018.
             Killed from afar by Ignatius881's ghost (7 damage)
             ... with a magic dart
             ... on level 3 of the Dungeon.
             The game lasted 00:06:16 (1971 turns).

Ignatius881 the Magician (Deep Elf Wizard)          Turns: 1971, Time: 00:06:17

Health: -3/19      AC:  2    Str:  4    XL:     3   Next: 28%
Magic:  7/11       EV: 13    Int: 23    God:
Gold:   74         SH:  0    Dex: 13    Spells: 0/11 levels left

rFire    . . .     SeeInvis .   f - +0 dagger
rCold    . . .     Gourm    .   (no shield)
rNeg     . . .     Faith    .   a - +0 robe
rPois    .         Spirit   .   b - +0 hat
rElec    .         Reflect  .   (no cloak)
rCorr    .         Harm     .   (no gloves)
MR       .....                  (no boots)
Stlth    ++........             (no amulet)
HPRegen  0.06/turn              (no ring)
MPRegen  0.12/turn              (no ring)

@: no status effects
A: no striking features
a: no special abilities


You were on level 3 of the Dungeon.
You were not hungry.

You visited 1 branch of the dungeon, and saw 3 of its levels.

You collected 74 gold pieces.

Inventory:

Hand Weapons
 f - a +0 dagger (weapon)
   (You took it off a goblin on level 1 of the Dungeon)
 l - a +1 vampiric dagger {!w}
   (You took it off a goblin on level 1 of the Dungeon)
Missiles
 g - 79 stones (quivered)
Armour
 a - a +0 robe (worn)
 b - a +0 hat (worn)
Scrolls
 d - a scroll of magic mapping {unknown}
 h - a scroll of identify {unknown}
 j - a scroll of noise {unknown}
 m - a scroll of remove curse {unknown}
 n - a scroll of immolation {unknown}
 q - 2 scrolls of teleportation {unknown}
 r - a scroll of enchant weapon {unknown}
Potions
 i - a potion of resistance {unknown}
 k - 3 potions of haste {unknown}
 o - a potion of might {unknown}
Books
 c - a book of Minor Magic
Comestibles
 e - a ration
 p - a chunk of flesh


   Skills:
 - Level 2.6 Dodging
 - Level 2.4 Stealth
 + Level 4.7 Spellcasting
 * Level 2.4 Conjurations
 + Level 1.5 Summonings
 + Level 1.6 Translocations
 + Level 0.2 Fire Magic
 + Level 0.0 Air Magic


You couldn't memorise any spells.
You knew the following spells:

 Your Spells              Type           Power        Failure   Level  Hunger
a - Magic Dart            Conj           ###.         3%          1    None
b - Blink                 Tloc           N/A          8%          2    None
c - Call Imp              Summ           ##......     8%          2    None
d - Conjure Flame         Conj/Fire      ##......     17%         3    ##.....
e - Mephitic Cloud        Conj/Pois/Air  #.......     21%         3    ##.....


Dungeon Overview and Level Annotations

Branches:
Dungeon (3/15)

Altars:
Gozag

Annotations:
D:3 Ignatius881's ghost, amateur DECj


Message History

A beastly little devil appears in a puff of flame.
Ignatius881's ghost turns its malevolent gaze towards you.
A beastly little devil appears in a puff of flame.
Your crimson imp barely misses Ignatius881's ghost.
Ignatius881's ghost points at you and mumbles some strange words.
The spray of energy hits your crimson imp.
Your crimson imp is dazzled.
Ignatius881's ghost closely misses your crimson imp.
Your crimson imp blinks!
Ignatius881's ghost hits your crimson imp but does no damage.
Your crimson imp barely misses Ignatius881's ghost.
Your crimson imp hits Ignatius881's ghost.
Ignatius881's ghost hits your crimson imp.
Your crimson imp barely misses Ignatius881's ghost.
Your crimson imp blinks!
Your crimson imp blinks!
Ignatius881's ghost gestures at you while chanting.
The spray of energy hits you!
You are confused.
You bump into the rock wall.
You bump into the rock wall.
Your crimson imp hits Ignatius881's ghost.
Ignatius881's ghost hits you.
You bump into the rock wall.
Your crimson imp hits Ignatius881's ghost.
Ignatius881's ghost hits you.
* * * LOW HITPOINT WARNING * * *
You're too confused to move!
You feel less confused.
Your crimson imp closely misses Ignatius881's ghost.
Ignatius881's ghost hits you.
* * * LOW HITPOINT WARNING * * *
You swap places.
Your crimson imp hits Ignatius881's ghost but does no damage.
Ignatius881's ghost hits your crimson imp but does no damage.
Your crimson imp closely misses Ignatius881's ghost.
Ignatius881's ghost hits your crimson imp.
Your crimson imp blinks!
Your crimson imp hits Ignatius881's ghost.
Ignatius881's ghost points at you and mumbles some strange words.
The magic dart hits your crimson imp.
Your crimson imp barely misses Ignatius881's ghost.
Ignatius881's ghost hits your crimson imp.
Your crimson imp closely misses Ignatius881's ghost.
Ignatius881's ghost points at you and mumbles some strange words.
The spray of energy hits your crimson imp.
Your crimson imp dies!
Ignatius881's ghost casts a spell at you.
The magic dart hits you!
You die...

#.. #.# #.# ... #.#
.. #.# #### #.# #.#
#.. ..#### #.#
#.####......
#รท###.##.....#
######....@.......#
#...W..###.##<#...#
#.####.#
#.##........ #. #.#
#........### .5 #.#
#######..... .#.
... .##.# #.._ .##
. # # #. . # .. #.


You could see Ignatius881's ghost.

Vanquished Creatures
  A dart slug (D:1)
  A leopard gecko (D:1)
  2 giant cockroaches (D:1)
  6 goblins
  4 hobgoblins
  4 kobolds (D:1)
  A quokka (D:2)
  5 bats
  5 frilled lizards
  4 rats
33 creatures vanquished.

Vanquished Creatures (collateral kills)
  3 jackals (D:1)
3 creatures vanquished.

Grand Total: 36 creatures vanquished

Notes
Turn   | Place    | Note
-------+----------+-------------------------------------------
     0 | D:1      | Ignatius881 the Deep Elf Wizard began the quest for the Orb.
     0 | D:1      | Reached XP level 1. HP: 10/10 MP: 7/7
   280 | D:1      | Reached XP level 2. HP: 15/15 MP: 4/9
   326 | D:1      | Learned a level 2 spell: Blink
   329 | D:1      | Learned a level 2 spell: Call Imp
  1127 | D:1      | Reached XP level 3. HP: 19/19 MP: 6/11
  1313 | D:1      | Learned a level 3 spell: Conjure Flame
  1317 | D:1      | Learned a level 3 spell: Mephitic Cloud
  1950 | D:3      | Found an opulent altar of Gozag.
  1950 | D:3      | Noticed Ignatius881's ghost (amateur DECj)
  1971 | D:3      | Killed from afar by Ignatius881's ghost

Skill      XL: |  1  2 |
---------------+-------+-----
Conjurations   | 2 |  2.4
Dodging        | |  2.6
Stealth        | |  2.4
Spellcasting   | |  4.7
Summonings     | |  1.5
Translocations | |  1.6
Fire Magic     | |  0.2

Action                   || total
-------------------------++-------
 Cast: Magic Dart        ||    83
       Call Imp          ||     5
  Eat: Chunk             ||     3
Armor: Robe              ||     5
Dodge: Dodged            ||    19
